 Dungeon Crawl Stone Soup version 0.23-a0-143-g1adec7b (webtiles) character file.

68 Goblin1989 the Insei (level 3, -8/28 HPs)
             Began as a Demigod Transmuter on Aug 31, 2018.
             Mangled by an iron imp (12 damage)
             ... summoned by Natasha
             ... on level 2 of the Dungeon on Sept 2, 2018.
             The game lasted 00:05:22 (2096 turns).

Goblin1989 the Insei (Demigod Transmuter)           Turns: 2096, Time: 00:05:23

Health: -8/28      AC:  2    Str: 13    XL:     3   Next: 73%
Magic:  8/8        EV: 13    Int: 19    God:
Gold:   24         SH:  0    Dex: 16    Spells: 2/5 levels left

rFire    . . .     SeeInvis .     - Unarmed
rCold    + . .     Gourm    .   (no shield)
rNeg     . . .     Faith    .   b - +0 robe
rPois    .         Spirit   .   (no helmet)
rElec    .         Reflect  .   (no cloak)
rCorr    .         Harm     .   (no gloves)
MR       .....                  (no boots)
Stlth    +.........             (no amulet)
HPRegen  0.09/turn              c - ring of protection from cold
MPRegen  0.11/turn              (no ring)

@: no status effects
A: high mp 1
a: no special abilities


You were on level 2 of the Dungeon.
You were near starving.

You visited 1 branch of the dungeon, and saw 2 of its levels.

You collected 24 gold pieces.

Inventory:

Hand Weapons
 l - a +2 dagger of venom
Missiles
 a - 43 arrows
 f - 36 stones (quivered) {@Q3}
 j - 16 bolts
 r - 21 sling bullets
Armour
 b - a +0 robe (worn)
Jewellery
 c - a ring of protection from cold (left hand)
 k - a +6 ring of protection {unknown}
Scrolls
 g - 3 scrolls of identify {unknown}
 h - 2 scrolls of fear {unknown}
 n - a scroll of teleportation {unknown}
 o - a scroll of enchant armour {unknown}
 p - a scroll of magic mapping {unknown}
Potions
 i - a potion of haste {unknown}
 q - a potion of resistance {unknown}
Comestibles
 e - 2 rations


   Skills:
 + Level 1.4 Fighting
 + Level 2.1 Dodging
 * Level 3.9 Unarmed Combat
 - Level 1.7 Spellcasting
 + Level 2.1 Transmutations


You had 2 spell levels left.
You knew the following spells:

 Your Spells              Type           Power        Failure   Level  Hunger
a - Beastly Appendage     Tmut           #.....       7%          1    #......
b - Sticks to Snakes      Tmut           #.......     11%         2    ###....

Your spell library contained the following spells:

 Spells                   Type           Power        Failure   Level  Hunger
 Spider Form              Tmut/Pois      #.........   32%         3    ###....
 Ice Form                 Ice/Tmut       #.......     73%         4    #####..
 Blade Hands              Tmut           #.........   89%         5    ######.


Dungeon Overview and Level Annotations

Branches:
Dungeon (2/15)

Annotations:
D:2 Natasha


Innate Abilities, Weirdness & Mutations

You have an increased reservoir of magic. (+10% MP)


Message History

You are too injured to fight recklessly!
You are too injured to fight recklessly!
You are too injured to fight recklessly!
You are too injured to fight recklessly!
You are too injured to fight recklessly!
You are too injured to fight recklessly!
You are too injured to fight recklessly!
You are too injured to fight recklessly!
You are too injured to fight recklessly!
You are too injured to fight recklessly!
You are too injured to fight recklessly!
You are too injured to fight recklessly!
You are too injured to fight recklessly!
You are too injured to fight recklessly!
You hit Natasha.
Natasha is severely wounded.
Natasha casts a spell.
You barely miss Natasha.
Natasha is severely wounded.
Natasha extends her claws.
Natasha casts a spell at you.
You feel yourself slow down.
You hit Natasha.
You kill Natasha!
Natasha growls in agony!
The crimson imp disappears in a puff of smoke!
A kobold opens the door.
A kobold is nearby!
A kobold is nearby!
A kobold is nearby!
The kobold shouts!
You hear an angry hiss.
A kobold comes into view.
Natasha, Servant of Life and Death comes into view.
The kobold barely misses you.
You closely miss the kobold.
You feel yourself speed up. The kobold closely misses you.
You hit the kobold but do no damage.
Natasha casts a spell.
The kobold barely misses you.
You hit the kobold but do no damage. You hit Natasha.
Natasha is moderately wounded.
The kobold misses you.
Natasha mumbles some strange words.
You closely miss Natasha.
Natasha is moderately wounded.
The kobold barely misses you. Natasha claws you!
* * * LOW HITPOINT WARNING * * *
You are too injured to fight recklessly!
You take 8 damage, and have 10/28 hp.
MASSIVE DAMAGE!!
You are too injured to fight recklessly!
You are too injured to fight recklessly!
You are too injured to fight recklessly!
You are too injured to fight recklessly!
You are too injured to fight recklessly!
You are too injured to fight recklessly!
You are too injured to fight recklessly!
You are too injured to fight recklessly!
You are too injured to fight recklessly!
You are too injured to fight recklessly!
You are too injured to fight recklessly!
You are too injured to fight recklessly!
You are too injured to fight recklessly!
You are too injured to fight recklessly!
You are too injured to fight recklessly!
You are too injured to fight recklessly!
You are too injured to fight recklessly!
You are too injured to fight recklessly!
You are too injured to fight recklessly!
You are too injured to fight recklessly!
You are too injured to fight recklessly!
You are too injured to fight recklessly!
You are too injured to fight recklessly!
You are too injured to fight recklessly!
You are too injured to fight recklessly!
You are too injured to fight recklessly!
You are too injured to fight recklessly!
You are too injured to fight recklessly!
You are too injured to fight recklessly!
You are too injured to fight recklessly!
You are too injured to fight recklessly!
You are too injured to fight recklessly!
You are too injured to fight recklessly!
You are too injured to fight recklessly!
You are too injured to fight recklessly!
You are too injured to fight recklessly!
You hit Natasha.
Natasha is heavily wounded.
The iron imp hits you.
* * * LOW HITPOINT WARNING * * *
The kobold hits you.
* * * LOW HITPOINT WARNING * * *
Natasha claws you.
* * * LOW HITPOINT WARNING * * *
You take 6 damage, and have 4/28 hp.
MASSIVE DAMAGE!!
You hit Natasha but do no damage.
Natasha is heavily wounded.
The kobold closely misses you. The iron imp hits you!
You die...

█.....)...█.██∆██
█......†..█.....█
█.......÷†█.?...█
█..!......†.....██
████......██.....█
█......██.....██
████████████...█
█5..█ █.@K█


███h█ K.. ....█ ....█ .....█ .....█ .....█ You could see an iron imp, Natasha
and 2 kobolds.

Vanquished Creatures
  Natasha (D:2)
  An adder (D:2)
  A dart slug (D:1)
  A leopard gecko (D:1)
  A ball python (D:1)
  8 goblins
  5 hobgoblins
  3 bats
  3 frilled lizards
  4 kobolds (D:1)
  3 rats (D:1)
31 creatures vanquished.

Notes
Turn   | Place    | Note
-------+----------+-------------------------------------------
     0 | D:1      | Goblin1989 the Demigod Transmuter began the quest for the
                  | Orb.
     0 | D:1      | Reached XP level 1. HP: 15/15 MP: 5/5
   281 | D:1      | Reached skill level 3 in Unarmed Combat
   736 | D:1      | Reached XP level 2. HP: 18/22 MP: 7/7
   942 | D:1      | Learned a level 2 spell: Sticks to Snakes
  1121 | D:1      | Reached skill level 1 in Fighting
  1369 | D:1      | You fall through a shaft!
  1370 | D:2      | Noticed Natasha
  1936 | D:1      | Upgraded the game from 0.23-a0-139-ga22e90c to
                  | 0.23-a0-143-g1adec7b
  1939 | D:2      | Reached XP level 3. HP: 28/28 MP: 8/8
  2075 | D:2      | Killed Natasha
  2088 | D:2      | Noticed Natasha
  2096 | D:2      | Mangled by an iron imp

Vault maps used:
D:1:      doesnt_arrival_eight_statues
D:2:      uniq_jessica, uniq_natasha

Skill      XL: |  1  2  3 |
---------------+----------+-----
Unarmed Combat | 3 |  3.9
Fighting       | 1 |  1.4
Dodging        | 2 |  2.1
Transmutations | 2 |  2.1
Spellcasting   | |  1.7

Action                   || total
-------------------------++-------
Melee: Unarmed           ||   131
       Headbutt          ||     2
       Punch             ||     1
 Cast: Beastly Appendage ||     2
 Stab: Sleeping          ||     1
  Eat: Chunk             ||     2
Armor: Robe              ||    22
Dodge: Dodged            ||    85

Table legend:
 A = Non-vault XP
 B = Vault XP
 C = Vault XP percentage of total XP
 D = Non-vault monster count
 E = Vault monster count
 F = Vault count percentage of total count
                 A         B        C        D         E       F
            +---------+---------+-------+---------+---------+-------
      Total |      63 |      35 |  35.7 |      30 |       1 |   3.2
            +---------+---------+-------+---------+---------+-------
        D:1 |      42 |       0 |   0.0 |      24 |       0 |   0.0
        D:2 |      21 |      35 |  62.5 |       6 |       1 |  14.3
            +---------+---------+-------+---------+---------+-------

Vault maps used:
D:1:      doesnt_arrival_eight_statues
D:2:      uniq_jessica, uniq_natasha
